 Dungeon Crawl Stone Soup version 0.29-a0-775-g4d7333d4e2 (webtiles) character file.

Game seed: 17477854774153314205

49 zeratav the Ruffian (level 3, -1/36 HPs)
             Began as a Troll Fighter on July 1, 2022.
             Slain by a gnoll
             ... wielding a +0 whip
              (3 damage)
             ... on level 2 of the Dungeon.
             The game lasted 00:01:01 (884 turns).

zeratav the Ruffian (Troll Fighter)                  Turns: 884, Time: 00:01:01

Health: -1/36      AC:  4    Str: 26    XL:     3   Next: 51%
Magic:  2/2        EV:  8    Int:  4    God:
Gold:   59         SH:  7    Dex:  9    Spells: 2/2 levels left

rFire   . . .      SeeInvis .     - Unarmed
rCold   . . .      Faith    .   b - +0 kite shield
rNeg    . . .      Spirit   .   a - +0 robe
rPois   .          Reflect  .   (helmet restricted)
rElec   .          Harm     .   (no cloak)
rCorr   .          Rampage  .   (gloves unavailable)
Will    .....                   (boots unavailable)
Stlth   +.........              (no amulet)
HPRegen 0.92/turn               (no ring)
MPRegen 0.08/turn               (no ring)

@: no status effects
A: large, unfitting armour, claws 3, regeneration 1, shaggy fur 1, tough skin 1
a: no special abilities


You were on level 2 of the Dungeon.
You visited 1 branch of the dungeon, and saw 2 of its levels.

You collected 59 gold pieces.


Innate Abilities, Weirdness & Mutations

You are too large for most types of armour.
You have claws for hands.
Your natural rate of healing is unusually fast.
You are covered in fur. (AC +1)
You have tough skin. (AC +1)


   Skills:
 + Level 2.6 Fighting
 + Level 1.0 Throwing
 - Level 2.4 Dodging
 + Level 0.4 Stealth
 - Level 2.6 Shields
 + Level 3.2 Unarmed Combat


You had 2 spell levels left.
You didn't know any spells.
Your spell library contained the following spells:

 Spells                   Type           Power      Damage    Failure   Level
 Poisonous Vapours        Pois/Air       0%         N/A       91%         2
 Corpse Rot               Necr/Pois/Air  0%         N/A       100%        4

Inventory:

Armour
 a - a +0 robe (worn)
 b - a +0 kite shield (worn)
Jewellery
 g - a ring of ice
   (You found it on level 1 of the Dungeon)
Scrolls
 d - a scroll of acquirement {unknown}
 e - a scroll of noise {unknown}
 f - a scroll of vulnerability {unknown}
 h - a scroll of identify {unknown}
Potions
 c - a potion of might

Dungeon Overview and Level Annotations

Branches:
Dungeon (2/15) Zot: 11108

Altars:

.. #. #[ #####.###
........# ........#
......gl###############
......)@...............
#####.Bg....[..........
##########.########
#............
#.##.########
#.##.#######
#.........<#
####.#######
###.#######


You could see 2 gnolls, a giant cockroach and a frilled lizard.


Message History

There is a stone staircase leading up here.
A bat comes into view.
A bat is nearby!
A bat is nearby!
You block the bat's attack. The bat hits you but does no damage.
You barely miss the bat. You block the bat's attack. x2
You claw the bat!
You kill the bat!
You have reached level 3!
Your experience leads to an increase in your attributes!
Increase (S)trength, (I)ntelligence, or (D)exterity?
You feel stronger. x3
HP[+7] MP[+1]
You now have 36 max hp (+7).
Your hp is fully restored (36).
Your mp is fully restored (2).
A gnoll comes into view. It is wielding a +0 spear.
The gnoll shouts!
You hear a shout!
The gnoll moves out of view.
A gnoll comes into view. It is wielding a +0 spear.
A gnoll is nearby!
A gnoll is nearby!
A giant cockroach comes into view.
A frilled lizard and 2 gnolls come into view.
The frilled lizard hisses angrily.
The gnoll shouts!
You block the gnoll's attack. The gnoll hits you but does no damage.
The gnoll shouts!
You claw the gnoll!
The giant cockroach bites you but does no damage.
The gnoll hits you but does no damage. You block the giant cockroach's attack.
You scratch the gnoll.
You kill the gnoll!
The gnoll closely misses you. You block the giant cockroach's attack.
You scratch the gnoll. The giant cockroach barely misses you.
The gnoll hits you with a +0 spear. You block the frilled lizard's attack.
The gnoll hits you but does no damage.
HP[-3]
You take 3 damage, and now have 33/36 hp.
You barely miss the gnoll.
The giant cockroach bites you but does no damage.
The gnoll hits you but does no damage. The gnoll hits you with a +0 whip.
The gnoll closely misses you. The frilled lizard bites you.
HP[-6]
You take 6 damage, and now have 27/36 hp.
You claw the gnoll!
The giant cockroach bites you but does no damage.
You block the gnoll's attack. The frilled lizard closely misses you.
The gnoll hits you with a +0 spear! You block the gnoll's attack.
The giant cockroach bites you.
HP[-8]
You take 8 damage, and now have 19/36 hp.
MASSIVE DAMAGE!! (PAUSE)
You scratch the gnoll.
You kill the gnoll!
The frilled lizard barely misses you. You block the gnoll's attack.
The gnoll hits you with a +0 whip.
* * * LOW HITPOINT WARNING * * *
You block the giant cockroach's attack.
Your Throwing skill increases to level 1!
You are too injured to fight recklessly!
HP[-5]
You take 5 damage, and now have 14/36 hp.
You are too injured to fight recklessly!
You are too injured to fight recklessly!
You are too injured to fight recklessly!
You are too injured to fight recklessly!
You are too injured to fight recklessly!
You are too injured to fight recklessly!
You are too injured to fight recklessly!
You are too injured to fight recklessly!
You are too injured to fight recklessly!
You are too injured to fight recklessly!
You are too injured to fight recklessly!
You are too injured to fight recklessly!
You are too injured to fight recklessly!
You are too injured to fight recklessly!
You are too injured to fight recklessly!
You are too injured to fight recklessly!
You are too injured to fight recklessly!
You are too injured to fight recklessly!
You are too injured to fight recklessly!
You scratch the gnoll. The gnoll hits you with a +0 spear!
* * * LOW HITPOINT WARNING * * *
The gnoll completely misses you. The frilled lizard closely misses you.
The giant cockroach bites you.
* * * LOW HITPOINT WARNING * * *
HP[-8]
You take 8 damage, and now have 6/36 hp.
MASSIVE DAMAGE!! (PAUSE)
You closely miss the gnoll. The giant cockroach bites you.
* * * LOW HITPOINT WARNING * * *
You block the gnoll's attack. The gnoll hits you with a +0 whip.
* * * LOW HITPOINT WARNING * * *
The frilled lizard bites you but does no damage.
You block the giant cockroach's attack.
HP[-5]
You take 5 damage, and now have 1/36 hp.
You scratch the gnoll. The gnoll hits you with a +0 whip.
You die...

Skill      XL: |  1  2  3 |
---------------+----------+-----
Unarmed Combat | 3 |  3.2
Throwing       | 1 |  1.0
Fighting       | |  2.6
Dodging        | |  2.4
Stealth        | |  0.4
Shields        | |  2.6

Action                   || total
-------------------------++-------
Melee: Unarmed           ||    87
Armor: Robe              ||    31
Dodge: Dodged            ||    36
Block: Kite shield       ||    39

Levels and vault maps discovered:
D:1:      heliophobic_arrival_glass_houses, layout_loops_ring
D:2:      layout_basic

Notes
Turn   | Place    | Note
-------+----------+-------------------------------------------
     0 | D:1      | zeratav the Troll Fighter began the quest for the Orb.
     0 | D:1      | Reached XP level 1. HP: 22/22 MP: 0/0
     0 | D:1      | magus.rc [v1.9.6]
   105 | D:1      | Reached XP level 2. HP: 29/29 MP: 1/1
   221 | D:1      | Reached skill level 3 in Unarmed Combat
   432 | D:1      | You pick up a book of Vapours and begin reading...
   432 | D:1      | You add the spells Poisonous Vapours and Corpse Rot to your
                  | library.
   858 | D:2      | Reached XP level 3. HP: 36/36 MP: 2/2
   882 | D:2      | Reached skill level 1 in Throwing
   882 | D:2      | HP: 8/36 [gnoll/+0 spear (7)]
   883 | D:2      | HP: 1/36 [gnoll/+0 whip (4)]
   884 | D:2      | Slain by a gnoll

Vanquished Creatures
  2 gnolls (D:2)
  A dart slug (D:1)
  2 ball pythons (D:1)
  3 bats
  2 endoplasms (D:1)
  2 giant cockroaches (D:1)
  A goblin (D:1)
  2 hobgoblins (D:1)
  2 quokkas (D:1)
  2 frilled lizards (D:1)
  4 kobolds (D:1)
  3 rats (D:1)
26 creatures vanquished.

Table legend:
 A = Non-vault XP
 B = Vault XP
 C = Vault XP percentage of total XP
 D = Non-vault monster count
 E = Vault monster count
 F = Vault count percentage of total count
                 A         B        C        D         E       F
            +---------+---------+-------+---------+---------+-------
      Total |      70 |       0 |   0.0 |      26 |       0 |   0.0
            +---------+---------+-------+---------+---------+-------
        D:1 |      39 |       0 |   0.0 |      23 |       0 |   0.0
        D:2 |      31 |       0 |   0.0 |       3 |       0 |   0.0
            +---------+---------+-------+---------+---------+-------

Illustrated notes

Table legend:
 A = Kills in this place as a percentage of kills in entire the game.
 B = Kills by you in this place as a percentage of kills by you in the entire game.
 C = Kills by friends in this place as a percentage of kills by friends in the entire game.
 D = Other kills in this place as a percentage of other kills in the entire game.
 E = Experience gained in this place as a percentage of experience gained in the entire game.
 F = Experience gained in this place divided by the number of levels of this place that you have seen.
                   A       B       C       D       E      F
               +-------+-------+-------+-------+-------+----------------------
         Total | 100.0 | 100.0 |   N/A |   N/A | 100.0 |  35.0
       Dungeon | 100.0 | 100.0 |   N/A |   N/A | 100.0 |  35.0
               +-------+-------+-------+-------+-------+----------------------

Table legend: (Time is in decaauts)
 A = Elapsed time spent in this place.
 B = Non-inter-level travel time spent in this place.
 C = Inter-level travel time spent in this place.
 D = Time resting spent in this place.
 E = Time spent auto-exploring this place.
 F = Levels seen in this place.
 G = Mean time per level.
                   A        B        C        D        E       F      G
               +--------+--------+--------+--------+--------+-----+--------+
         Total |    890 |    873 |     17 |      0 |    707 |   2 |  445.0 |
       Dungeon |    890 |    873 |     17 |      0 |    707 |   2 |  445.0 |
               +--------+--------+--------+--------+--------+-----+--------+

Top non-repeatable levels by time:
     D:1: 854 daAuts
     D:2: 36 daAuts
